Map: Inside and Out

Players

Vicenzo

  • Race: Terran Terran
  • League: Bronze
  • Spawn Location: 7:00

Félrias - Winner!

  • Race: Protoss Protoss
  • League: Bronze
  • Spawn Location: 1:00

VOD

Have the link to the VOD?

Description

Time

  • Played on: July 31, 2022, 2:51 p.m.
  • Length: 19:22
Show
View Real Time Build Order
Export as new Build Order

Vicenzo Terran 

Build Orders:  

Get SALT Encoding   

  12  0:00  SCV  
  13  0:12  SCV  
  14  0:18  Supply Depot  
  14  0:24  SCV  
  15  0:40  SCV  
  16  0:44  Barracks  
  16  0:47  Refinery  
  16  0:55  SCV  
  17  1:07  Supply Depot, SCV  
  18  1:20  SCV  
  19  1:32  SCV, Marine  
  21  1:44  SCV  
  22  1:49  Marine  
  22  1:50  Factory  
  23  1:56  SCV  
  23  2:01  Barracks  
  24  2:02  Refinery  
  24  2:07  Marine  
  24  2:08  SCV  
  26  2:20  SCV  
  28  2:32  SCV  
  28  2:34  Factory Tech Lab  
  28  2:37  Barracks Reactor  
  28  2:45  Command Center  
  28  2:54  Orbital Command  
  28  3:10  Siege Tank  
  28  3:12  Barracks Tech Lab  
  31  3:16  Supply Depot  
  31  3:24  Starport  
  31  3:37  SCV, Supply Depot, Marine  
  33  3:47  Marine  
  34  3:49  Supply Depot, SCV  
  35  3:56  Marine x2  
  35  4:02  SCV  
  38  4:03  Orbital Command  
  38  4:06  Starport Reactor  
  38  4:16  Supply Depot  
  38  4:17  Marine  
  38  4:20  Supply Depot, SCV  
  40  4:27  Siege Tank  
  40  4:29  Marine  
  44  4:32  SCV  
  44  4:34  SCV  
  44  4:36  Marine  
  47  4:46  SCV  
  47  4:47  SCV  
  47  4:50  Marine x2  
  48  4:53  Stimpack  
  45  5:09  Marine x3  
  45  5:11  SCV x2  
  50  5:16  Medivac  
  52  5:23  SCV  
  52  5:27  Marine x3  
  52  5:28  Engineering Bay  
  56  5:34  Infernal Pre-Igniter  
  56  5:36  SCV  
  56  5:42  Refinery  
  57  5:43  SCV  
  57  5:44  Marine  
  57  5:45  Marine x2  
  57  5:46  Hellion  
  63  6:02  Marine  
  63  6:03  Marine x2  
  63  6:04  Engineering Bay  
  66  6:08  Missile Turret  
  66  6:11  Missile Turret  
  66  6:15  Missile Turret  
  66  6:18  Missile Turret  
  66  6:20  Marine x3  
  66  6:21  SCV  
  66  6:22  Refinery  
  70  6:30  Supply Depot  
  70  6:32  SCV  
  71  6:35  Combat Shield  
  71  6:38  Marine  
  72  6:41  Marine  
  72  6:43  Armory  
  73  6:52  Marine  
  64  6:56  Marine  
  64  6:59  Marine  
  64  7:00  SCV x2  
  65  7:10  Marine  
  65  7:12  SCV x2  
  65  7:14  Hellion, Marine  
  71  7:16  Marine  
  71  7:21  Supply Depot  
  69  7:28  Marine  
  70  7:31  Marine  
  70  7:34  Marine  
  70  7:35  Hellion  
  74  7:37  SCV x2  
  74  7:39  Supply Depot  
  76  7:49  SCV  
  77  7:52  Command Center  
  77  8:00  Terran Ship Weapons Level 1  
  77  8:01  Terran Infantry Armor Level 1  
  77  8:02  Terran Infantry Weapons Level 1  
  77  8:03  Marine x3  
  80  8:06  Hellion  
  80  8:07  Concussive Shells  
  80  8:10  Medivac  
  84  8:12  Medivac  
  84  8:16  Refinery  
  86  8:21  Marine  
  87  8:39  Missile Turret  
  87  8:40  Missile Turret  
  87  8:42  Missile Turret x2  
  87  8:44  SCV x2  
  89  8:56  SCV x2  
  89  9:01  Marine  
  89  9:02  Marine  
  93  9:03  Supply Depot x2  
  93  9:05  Supply Depot  
  93  9:08  SCV x2  
  93  9:09  Orbital Command  
  95  9:17  Marine  
  95  9:19  Medivac, Marine x2  
  95  9:20  SCV x2  
  102  9:29  Missile Turret x2  
  102  9:32  SCV x2  
  102  9:35  Marine  
  102  9:37  Marine, Missile Turret  
  106  9:40  Marine  
  106  9:42  Hellion  
  106  9:44  SCV  
  110  9:53  Marine  
  110  9:55  Marine  
  112  10:02  SCV x3  
  112  10:04  Refinery  
  112  10:06  Supply Depot  
  115  10:08  Marine  
  115  10:09  Supply Depot  
  115  10:10  Hellion  
  115  10:11  Marine  
  115  10:13  Marine  
  79  10:25  Orbital Command  
  79  10:26  Marine  
  73  10:28  Medivac, Marine  
  73  10:29  Medivac  
  73  10:30  Marine  
  73  10:31  Hellion  
  70  10:44  Marine  
  70  10:46  Marine  
  70  10:48  Marine  
  67  10:53  Hellion  
  69  10:58  Medivac  
  69  11:02  Marine  
  69  11:04  Marine  
  69  11:06  Marine  
  71  11:14  Hellion  
  71  11:15  SCV  
  71  11:17  SCV  
  75  11:19  Marine  
  75  11:22  Marine  
  75  11:24  Marine  
  78  11:27  SCV  
  78  11:29  SCV  
  80  11:35  Hellion  
  80  11:37  Marine  
  80  11:39  SCV  
  84  11:40  Marine  
  84  11:42  Marine  
  86  11:47  Medivac x2  
  90  11:55  Marine  
  90  11:56  Siege Tank  
  90  11:57  Marine  
  90  11:59  Marine  
  96  12:10  SCV x2  
  96  12:13  Marine  
  99  12:15  Marine  
  99  12:17  Marine  
  99  12:22  SCV x2  
  103  12:29  Siege Tank  
  106  12:30  Orbital Command  
  106  12:31  Marine  
  106  12:33  Marine  
  106  12:34  Medivac  
  106  12:35  Viking, Marine  
  113  12:39  Missile Turret x2  
  113  12:41  Missile Turret x2  
  113  12:43  Missile Turret  
  113  12:47  Terran Infantry Weapons Level 2  
  113  12:48  Terran Infantry Armor Level 2  
  113  12:49  Marine  
  113  12:51  Marine  
  114  12:53  Marine  
  116  13:05  SCV x2  
  118  13:06  Marine, SCV  
  118  13:09  Thor, Marine  
  118  13:11  Marine  
  128  13:17  Command Center, SCV  
  128  13:18  Refinery  
  129  13:20  Refinery  
  129  13:24  Marine, Missile Turret  
  129  13:26  Medivac  
  129  13:27  Marine  
  132  13:29  Marine  
  134  13:38  SCV  
  134  13:39  SCV, Missile Turret  
  134  13:40  SCV  
  137  13:42  Marine  
  137  13:44  Marine  
  137  13:46  Marine  
  140  13:51  Refinery  
  140  13:58  Terran Ship Weapons Level 2  
  140  13:59  Missile Turret  
  140  14:00  Marine  
  140  14:02  Marine  
  142  14:04  Marine, Refinery  
  142  14:07  Barracks  
  142  14:09  Barracks  
  143  14:18  Marine  
  143  14:20  Marine  
  143  14:22  Viking, Marine  
  148  14:33  Supply Depot  
  148  14:35  Marine  
  148  14:36  Supply Depot  
  148  14:38  Marine  
  150  14:40  Marine  
  150  14:44  Thor  
  157  14:47  SCV  
  158  14:53  Marine  
  158  14:54  Planetary Fortress  
  158  14:55  Barracks  
  158  14:56  Marine  
  158  14:58  Barracks, SCV, Supply Depot, Marine  
  158  14:59  SCV x2  
  164  15:09  Supply Depot  
  164  15:10  SCV  
  164  15:12  SCV x2  
  169  15:19  Missile Turret  
  169  15:21  Missile Turret  
  172  15:23  Barracks Reactor, SCV  
  172  15:24  SCV x2  
  170  15:29  Marine x3  
  170  15:30  Thor  
  179  15:35  Barracks Tech Lab  
  179  15:44  Barracks  
  179  15:47  Marine x3  
  179  15:48  Barracks  
  172  16:04  Marine  
  172  16:05  Marine x3  
  172  16:06  Marine x3  
  179  16:13  Thor  
  185  16:22  Marine x2  
  185  16:23  Marine  
  188  16:27  Command Center  
  188  16:31  Marine x2  
  188  16:32  Barracks Tech Lab, Barracks Reactor  
  190  16:35  Marauder  
  190  16:36  Barracks  
  190  16:37  Barracks, Missile Turret  
  190  16:38  Missile Turret  
  190  16:39  Barracks, Viking x2  
  196  16:40  Missile Turret  
  196  16:41  Marauder  
  196  16:42  Barracks  
  196  16:43  Marine x2, Missile Turret  
  189  17:31  Marine  
  189  17:32  Viking x2  
  189  17:33  Thor  
  189  17:36  Barracks Reactor  
  139  17:37  Barracks Reactor  
  139  17:38  Barracks Reactor  
  106  17:44  Marine x4  
  106  17:45  Marine  
  106  17:47  Barracks Reactor  
  103  17:52  Planetary Fortress  
  103  17:56  Marine  
  103  17:57  Marine x3  
  105  18:02  Viking x2, Marine x2  
  111  18:08  Marine x3  
  114  18:14  Marine x2  
  114  18:15  Marauder x2  
  114  18:16  Thor  
  126  18:20  Marine x2  
  126  18:25  Marine  
  126  18:26  Marine x10  
  130  18:32  Viking x2, Marine x2  
  122  18:36  Marine x2  
  122  18:37  Marine  
  122  18:38  Marine  
  98  18:43  Marine  
  98  18:44  Marine x2  
  98  18:46  Starport  
  98  18:47  Starport  
  98  18:48  Marine  
  102  18:49  Refinery  
  102  18:50  Marine x2  
  102  18:54  Marine x2  
  102  18:55  Marine x2  
  90  19:01  Marine x2  
Show
View Real Time Build Order
Export as new Build Order

Félrias Protoss - Winner!

Build Orders:  

Get SALT Encoding   

  12  0:00  Probe  
  13  0:12  Probe  
  14  0:23  Pylon  
  14  0:26  Probe (Chrono Boost)  
  15  0:37  Assimilator  
  16  0:42  Probe (Chrono Boost)  
  16  0:53  Gateway  
  16  0:56  Probe  
  17  1:03  Pylon  
  17  1:08  Probe (Chrono Boost)  
  19  1:20  Probe (Chrono Boost)  
  19  1:31  Pylon  
  19  1:34  Assimilator  
  19  1:50  Cybernetics Core  
  19  1:53  Probe  
  20  2:08  Probe (Chrono Boost)  
  20  2:12  Nexus  
  21  2:28  Probe  
  21  2:29  Stargate  
  22  2:39  Stalker  
  22  2:40  Probe  
  25  2:55  Robotics Facility  
  25  2:56  Probe  
  26  3:08  Probe  
  27  3:25  Void Ray (Chrono Boost)  
  31  3:32  Assimilator, Probe (Chrono Boost)  
  33  3:35  Assimilator  
  33  3:38  Probe (Chrono Boost)  
  37  4:01  Void Ray (Chrono Boost)  
  37  4:05  Probe x2  
  39  4:12  Stalker  
  39  4:15  Warp Gate  
  39  4:16  Observer  
  42  4:20  Probe x2  
  44  4:37  Void Ray (Chrono Boost)  
  48  4:40  Probe x2  
  48  4:43  Zealot  
  52  4:52  Probe  
  53  5:15  Robotics Facility  
  53  5:21  Pylon  
  53  5:24  Probe (Chrono Boost)  
  53  5:26  Pylon  
  54  5:38  Stalker  
  54  5:41  Probe (Chrono Boost)  
  62  5:43  Probe (Chrono Boost)  
  62  5:45  Void Ray, Probe (Chrono Boost)  
  63  5:51  Probe  
  63  5:56  Probe  
  65  6:03  Probe  
  66  6:08  Probe  
  67  6:15  Probe  
  68  6:20  Probe  
  69  6:26  Robotics Bay  
  70  6:32  Probe  
  70  6:33  Pylon  
  70  6:35  Pylon  
  70  6:51  Immortal x2  
  70  6:53  Probe  
  74  7:15  Stalker  
  75  7:23  Extended Thermal Lance (Chrono Boost)  
  75  7:29  Colossus  
  75  7:30  Probe x2  
  83  7:43  Pylon  
  83  7:45  Protoss Air Weapons Level 1  
  83  7:47  Pylon  
  83  7:52  Forge  
  83  7:56  Forge  
  83  8:00  Colossus (Chrono Boost), Probe x2  
  91  8:10  Pylon  
  91  8:12  Probe x2  
  93  8:13  Pylon  
  93  8:16  Pylon  
  93  8:20  Colossus (Chrono Boost), Gateway  
  93  8:21  Gateway  
  93  8:24  Gateway  
  93  8:26  Gateway  
  99  8:29  Stalker  
  101  8:36  Observer  
  101  8:40  Photon Cannon  
  101  8:41  Probe x2  
  103  8:43  Photon Cannon  
  103  8:46  Protoss Shields Level 1 (Chrono Boost)  
  103  8:53  Probe  
  104  9:02  Protoss Ground Weapons Level 1 (Chrono Boost)  
  104  9:08  Shield Battery, Stalker  
  106  9:10  Shield Battery  
  106  9:15  Colossus  
  112  9:22  Immortal  
  116  9:39  Gravitic Boosters  
  116  9:51  Probe x2  
  118  9:55  Protoss Air Armor Level 1  
  118  10:00  Colossus  
  118  10:03  Probe  
  99  11:10  Colossus (Chrono Boost)  
  99  11:11  Immortal (Chrono Boost)  
  99  11:12  Stalker x3  
  99  11:13  Stalker x2  
  119  11:22  Nexus  
  119  11:26  Photon Cannon  
  119  11:27  Probe  
  119  11:28  Photon Cannon, Probe  
  119  11:30  Assimilator, Photon Cannon  
  121  11:34  Photon Cannon  
  121  11:35  Assimilator  
  122  11:40  Shield Battery, Probe  
  122  11:43  Immortal  
  122  11:44  Shield Battery  
  126  11:47  Pylon  
  126  12:03  Pylon  
  126  12:05  Probe x2, Pylon  
  128  12:11  Pylon  
  128  12:17  Probe  
  128  12:18  Photon Cannon  
  128  12:20  Photon Cannon x2  
  129  12:26  Pylon  
  129  12:29  Pylon  
  129  12:53  Pylon  
  129  12:54  Pylon  
  129  12:57  Protoss Ground Armor Level 1 (Chrono Boost), Immortal x2 (Chrono Boost), Pylon x2  
  129  12:59  Pylon  
  137  13:07  Twilight Council  
  137  13:12  Gravitic Drive  
  137  13:29  Stargate  
  137  13:30  Observer x2  
  139  13:35  Assimilator  
  143  13:42  Nexus  
  143  13:43  Void Ray (Chrono Boost)  
  143  13:44  Probe x2  
  143  13:45  Probe  
  143  13:47  Protoss Ground Weapons Level 2 (Chrono Boost)  
  150  13:59  Immortal (Chrono Boost)  
  154  14:02  Immortal (Chrono Boost)  
  154  14:05  Blink (Chrono Boost)  
  158  14:18  Void Ray (Chrono Boost)  
  162  14:27  Void Ray (Chrono Boost)  
  162  14:31  Pylon  
  162  14:32  Pylon  
  162  14:35  Pylon  
  162  14:37  Pylon  
  168  14:40  Pylon  
  168  14:44  Colossus (Chrono Boost)  
  168  14:45  Colossus (Chrono Boost)  
  174  14:57  Fleet Beacon  
  174  15:08  Assimilator  
  174  15:12  Void Ray  
  182  15:17  Void Ray  
  182  15:22  Fleet Beacon  
  182  15:31  Stalker x3  
  182  15:35  Protoss Ground Armor Level 2 (Chrono Boost)  
  188  15:48  Protoss Air Weapons Level 2 (Chrono Boost)  
  188  15:50  Charge  
  188  16:12  Colossus x2  
  199  16:21  Photon Cannon  
  199  16:23  Photon Cannon  
  199  16:25  Photon Cannon  
  199  16:28  Photon Cannon  
  199  16:30  Photon Cannon  
  199  16:33  Photon Cannon  
  199  16:40  Shield Battery  
  199  16:42  Shield Battery  
  199  16:48  Observer  
  199  16:58  Photon Cannon  
  199  16:59  Photon Cannon  
  199  17:01  Photon Cannon  
  199  17:02  Shield Battery  
  199  17:07  Observer  
  182  17:38  Tempest  
  169  17:56  Anion Pulse-Crystals, Flux Vanes  
  169  18:00  Stalker x4  
  177  18:12  Stargate  
  177  18:14  Stargate  
  177  18:19  Nexus  
  177  18:20  Tempest, Stargate x2  
  174  18:43  Stalker x3  
  174  18:44  Stalker x2  
  182  18:57  Phoenix  
Tags
 
Add a new tag
Caveats
  • Supply blocks, unpowered buildings, or Contaminate may cause inaccurate times.
  • Supply counts are checked every 10 seconds.